Map: Ascension to Aiur LE

Players

Nerchio

  • Race: Zerg Zerg
  • Spawn Location: 5:00

PtitDrogo - Winner!

  • Race: Protoss Protoss
  • Spawn Location: 11:00

Event: WCS Jonkoping 2017

VOD

Have the link to the VOD?

Description

Time

  • Played on: June 18, 2017, 7:05 a.m.
  • Length: 10:40

All games in this series

Show
View Real Time Build Order
Export as new Build Order

Nerchio Zerg 

Build Orders: Hatch First 

Get SALT Encoding   

  12  0:00  Drone  
  13  0:12  Overlord  
  13  0:17  Drone  
  14  0:30  Drone x2  
  14  0:34  Drone  
  17  0:52  Hatchery  
  17  0:55  Drone  
  17  0:59  Drone  
  18  1:06  Extractor  
  17  1:15  Spawning Pool  
  17  1:18  Drone  
  17  1:21  Drone  
  18  1:27  Drone  
  19  1:38  Overlord  
  19  1:49  Drone  
  20  2:01  Queen  
  20  2:02  Zergling x2  
  20  2:04  Queen  
  20  2:06  Metabolic Boost  
  25  2:09  Zergling x2  
  25  2:13  Drone  
  27  2:16  Drone  
  27  2:22  Drone  
  29  2:25  Drone  
  30  2:39  Hatchery  
  30  2:41  Drone  
  30  2:43  Drone  
  31  2:46  Drone  
  31  2:50  Overlord  
  32  2:54  Drone  
  33  2:59  Queen  
  33  3:02  Drone  
  36  3:10  Drone x3  
  39  3:14  Zergling x4  
  39  3:15  Zergling x2  
  39  3:17  Zergling x2  
  39  3:19  Zergling x2  
  44  3:23  Overlord  
  44  3:31  Spore Crawler  
  44  3:32  Spore Crawler  
  44  3:33  Drone  
  43  3:35  Drone  
  44  3:41  Overlord  
  44  3:42  Drone x2  
  44  3:43  Drone  
  44  3:45  Drone  
  44  3:47  Drone  
  49  3:51  Queen  
  49  3:54  Drone  
  53  3:55  Drone  
  53  4:00  Overlord  
  53  4:01  Drone  
  54  4:04  Drone  
  54  4:09  Drone x4  
  59  4:12  Evolution Chamber  
  59  4:14  Drone  
  59  4:15  Drone  
  59  4:17  Drone  
  61  4:19  Spore Crawler  
  61  4:20  Drone  
  61  4:26  Zergling x6  
  61  4:28  Zergling x2  
  61  4:29  Zergling x2  
  66  4:33  Queen  
  68  4:41  Zergling x10  
  68  4:43  Overlord  
  72  4:50  Zerg Melee Weapons Level 1  
  72  4:51  Baneling Nest, Overlord  
  71  4:53  Overlord  
  71  4:55  Overlord  
  71  5:01  Queen  
  71  5:03  Queen  
  75  5:08  Zergling x8  
  75  5:09  Zergling x2  
  75  5:11  Zergling x2  
  75  5:12  Zergling x2  
  83  5:14  Zergling x4  
  84  5:21  Overlord  
  81  5:33  Drone  
  81  5:34  Drone x11  
  87  5:43  Drone x2  
  87  5:45  Drone  
  83  5:51  Baneling x6  
  83  5:52  Drone  
  83  5:53  Drone  
  83  5:56  Drone  
  86  5:59  Extractor  
  86  6:00  Zergling x8  
  86  6:02  Hatchery, Zergling x4  
  86  6:04  Zergling x2  
  91  6:06  Zergling x2  
  92  6:16  Zergling x10  
  86  6:19  Zergling x2  
  86  6:23  Lair  
  86  6:24  Drone  
  86  6:25  Extractor x2  
  82  6:27  Drone  
  82  6:28  Drone x3  
  82  6:30  Extractor x2  
  82  6:32  Drone x2  
  86  6:38  Drone  
  87  6:41  Drone  
  87  6:46  Drone  
  89  6:49  Drone  
  89  6:51  Drone  
  89  6:52  Drone  
  92  6:57  Drone x3  
  92  6:59  Overlord  
  92  7:00  Drone x2  
  97  7:11  Drone x2  
  97  7:12  Drone x2  
  97  7:14  Drone x2  
  97  7:15  Drone  
  104  7:21  Zerg Melee Weapons Level 2, Centrifical Hooks  
  104  7:23  Hydralisk Den  
  104  7:24  Drone x3  
  104  7:25  Infestation Pit  
  104  7:26  Overlord x2  
  104  7:27  Overlord x2  
  104  7:28  Overlord x2  
  105  7:32  Extractor  
  105  7:34  Drone x3  
  105  7:36  Baneling x2  
  105  7:37  Baneling x2  
  107  7:38  Zergling x2  
  107  7:39  Zergling x8  
  112  7:47  Zergling x2  
  112  7:48  Baneling x14  
  112  7:49  Baneling x3, Zergling x2  
  112  7:50  Zergling x2  
  112  7:51  Zergling x2  
  116  7:54  Zergling x2  
  116  7:55  Zergling x6  
  116  7:56  Zergling x2  
  120  8:01  Zergling x12  
  120  8:02  Zergling x2  
  120  8:05  Zergling x4  
  120  8:08  Zergling x2  
  120  8:09  Zergling x2  
  120  8:10  Queen  
  120  8:11  Zergling x2  
  112  8:16  Zergling x4  
  112  8:17  Zergling x2  
  110  8:24  Zergling x10  
  110  8:25  Zergling x6  
  99  8:28  Baneling x4  
  99  8:29  Zergling x4  
  99  8:30  Baneling  
  99  8:31  Baneling x6, Zergling x4  
  99  8:33  Zergling x2  
  98  8:36  Zergling x2  
  98  8:39  Baneling x3  
  98  8:40  Zergling x2  
  91  8:49  Zergling x4  
  91  8:50  Queen x2, Zergling x2  
  91  8:51  Queen  
  87  8:57  Zergling x4  
  87  9:00  Zergling x2  
  81  9:06  Zergling x4  
  81  9:07  Zergling x4  
  81  9:08  Zergling x2  
  81  9:13  Zergling x2  
  73  9:18  Drone  
  73  9:19  Drone  
  73  9:21  Drone  
  70  9:26  Queen  
  72  9:31  Drone x2  
  72  9:32  Drone  
  73  9:38  Hatchery  
  73  9:39  Drone x2  
  73  9:40  Drone x2  
  73  9:43  Drone  
  77  9:48  Hydralisk  
  77  9:52  Hydralisk, Baneling x3  
  79  9:54  Hydralisk  
  79  9:56  Hydralisk  
  85  10:00  Hydralisk  
  85  10:04  Hydralisk  
  85  10:06  Hydralisk  
  91  10:08  Hydralisk  
  91  10:10  Baneling  
  91  10:14  Hydralisk x2  
  92  10:17  Baneling  
  92  10:18  Baneling x2  
Show
View Real Time Build Order
Export as new Build Order

PtitDrogo Protoss - Winner!

Build Orders: 1 Gate Expand, Zealot Archon 

Get SALT Encoding   

  12  0:01  Probe (Chrono Boost)  
  13  0:11  Probe (Chrono Boost)  
  14  0:18  Pylon  
  14  0:22  Probe (Chrono Boost)  
  15  0:36  Probe (Chrono Boost)  
  15  0:39  Gateway  
  16  0:46  Probe (Chrono Boost)  
  16  0:48  Assimilator  
  18  0:57  Probe (Chrono Boost)  
  18  1:07  Probe (Chrono Boost)  
  19  1:21  Nexus  
  19  1:22  Probe (Chrono Boost)  
  20  1:34  Cybernetics Core  
  20  1:36  Probe (Chrono Boost)  
  21  1:43  Assimilator  
  21  1:46  Probe (Chrono Boost)  
  22  1:51  Pylon  
  22  1:57  Probe (Chrono Boost)  
  23  2:09  Probe (Chrono Boost)  
  23  2:10  Stalker (Chrono Boost), Warp Gate  
  26  2:21  Probe  
  27  2:32  Probe (Chrono Boost), Robotics Facility  
  27  2:33  Probe (Chrono Boost)  
  29  2:44  Probe (Chrono Boost)  
  30  2:45  Probe (Chrono Boost), Adept  
  33  2:54  Probe (Chrono Boost)  
  33  2:55  Probe (Chrono Boost)  
  35  3:05  Probe (Chrono Boost)  
  36  3:06  Probe (Chrono Boost)  
  37  3:14  Probe (Chrono Boost)  
  37  3:16  Probe (Chrono Boost)  
  37  3:19  Immortal (Chrono Boost)  
  43  3:23  Gateway  
  43  3:25  Probe  
  43  3:26  Gateway  
  43  3:28  Probe  
  43  3:31  Pylon  
  45  3:36  Probe  
  45  3:40  Pylon  
  46  3:48  Probe  
  46  3:49  Probe  
  46  3:54  Warp Prism (Chrono Boost), Assimilator  
  50  3:57  Assimilator  
  50  3:58  Probe  
  50  4:01  Probe  
  52  4:06  Pylon  
  52  4:09  Probe  
  52  4:10  Pylon  
  52  4:13  Probe  
  52  4:16  Adept  
  56  4:18  Mothership Core  
  56  4:22  Sentry x2  
  62  4:25  Probe  
  63  4:32  Observer (Chrono Boost)  
  63  4:37  Probe  
  63  4:38  Probe, Sentry  
  65  4:45  Zealot x2  
  70  4:48  Probe  
  70  4:50  Probe  
  74  4:53  Pylon  
  78  5:00  Twilight Council  
  78  5:01  Forge, Probe  
  78  5:02  Probe  
  78  5:05  Pylon  
  78  5:06  Zealot  
  78  5:11  Probe  
  79  5:14  Probe  
  80  5:22  Probe  
  80  5:23  Protoss Ground Weapons Level 1  
  80  5:25  Nexus  
  80  5:27  Pylon  
  79  5:37  Probe x2  
  79  5:39  Charge (Chrono Boost)  
  79  5:40  Immortal  
  83  5:46  Zealot x3  
  83  5:49  Probe x2  
  89  5:55  Templar Archives  
  89  5:58  Pylon  
  89  6:03  Probe x2  
  91  6:11  Sentry  
  91  6:16  Zealot x3  
  91  6:20  Probe  
  90  6:26  Probe  
  90  6:28  Photon Cannon  
  90  6:29  Pylon  
  90  6:32  Probe  
  92  6:35  Immortal (Chrono Boost)  
  92  6:37  High Templar x2  
  92  6:38  Zealot, Probe  
  92  6:39  Probe  
  103  6:44  Probe, Gateway  
  105  6:47  Archon  
  105  6:49  Gateway x2  
  105  6:52  Gateway  
  105  6:57  Gateway  
  105  6:59  Photon Cannon  
  105  7:04  Assimilator  
  105  7:08  Assimilator  
  105  7:12  Pylon  
  105  7:14  Zealot, High Templar x2  
  105  7:15  Pylon  
  111  7:18  Pylon, Archon  
  111  7:19  Protoss Ground Weapons Level 2  
  111  7:22  Pylon  
  111  7:27  Photon Cannon  
  111  7:30  Probe  
  111  7:31  Probe  
  111  7:33  Pylon  
  113  7:45  High Templar x2  
  113  7:47  High Templar x2  
  113  7:49  Zealot x3  
  113  7:50  Archon  
  127  7:51  Archon  
  121  7:59  Zealot x2  
  121  8:00  Zealot x2  
  122  8:11  Immortal (Chrono Boost)  
  122  8:12  Nexus  
  102  8:16  Pylon  
  100  8:21  Zealot x8  
  114  8:30  Probe x2  
  114  8:31  Probe  
  114  8:33  Pylon  
  117  8:45  Warp Prism (Chrono Boost)  
  105  8:49  High Templar x2  
  105  8:50  High Templar x4  
  105  8:51  Zealot x2  
  107  9:17  Immortal (Chrono Boost)  
  107  9:24  High Templar x4  
  103  9:25  Zealot x4  
  103  9:26  Probe, Archon x2  
  103  9:27  Archon  
  103  9:28  Probe, Photon Cannon  
  103  9:30  Probe  
  118  9:32  Photon Cannon  
  118  9:33  Archon x2  
  118  9:35  Photon Cannon  
  118  9:38  Assimilator  
  114  9:42  Gateway, Assimilator  
  114  9:43  Gateway  
  114  9:45  Gateway  
  114  9:47  Gateway  
  114  9:48  Zealot x2  
  114  9:49  Zealot x2  
  122  9:56  High Templar  
  122  9:57  Zealot x2, High Templar  
  130  10:00  Archon  
  130  10:11  High Templar x2  
  130  10:12  Zealot x2  
  138  10:15  Archon  
  138  10:20  Zealot x2  
  138  10:38  Zealot x4  
Tags
 
Add a new tag
Caveats
  • Supply blocks, unpowered buildings, or Contaminate may cause inaccurate times.
  • Supply counts are checked every 10 seconds.